 Dungeon Crawl Stone Soup version 0.30-a0-883-g5ad918d77d (webtiles) character file.

Game seed: 14786030955328825232

65 lunkers the Digger (level 4, -1/33 HPs)
             Began as a Meteoran Earth Elementalist on Mar 15, 2023.
             Was an Initiate of Ru.
             Slain by Pikel
             ... wielding a +1 whip of flaming
              (2 damage)
             ... on level 4 of the Dungeon.
             The game lasted 00:02:30 (1674 turns).

lunkers the Digger (Meteoran Earth Elementalist)    Turns: 1674, Time: 00:02:30

Health: -1/33      AC:  6    Str: 12    XL:     4   Next: 62%
Magic:  5/10       EV: 12    Int: 19    God:    Ru [......]
Gold:   133        SH:  0    Dex: 14    Spells: 4/10 levels left

rFire   + . .      SeeInvis .    m - +7 whip of the Equator {drain, rF+ Str+3 Stlth+}
rCold   . . .      Faith    .    (no shield)
rNeg    . . .      Spirit   .    a - +0 robe
rPois   .          Reflect  .    r - +0 helmet
rElec   .          Rampage  .    (no cloak)
rCorr   .                        g - +2 pair of gloves
Will    .....                    (no boots)
Stlth   +                        (no amulet)
HPRegen 0.25/turn                (no ring)
MPRegen 0.12/turn                (no ring)

@: glowing
A: sense surroundings 1, otherworldly, glowing, explore regen
a: Renounce Religion


You were on level 4 of the Dungeon.
You worshipped Ru.
Ru was noncommittal.
You visited 1 branch of the dungeon, and saw 4 of its levels.

You collected 133 gold pieces.

Inventory:

Hand Weapons
 j - a +0 short sword of draining
 m - the +7 whip of the Equator (weapon) {drain, rF+ Str+3 Stlth+}
   (You found it on level 2 of the Dungeon)

   Str:       It affects your strength (+3).
   rF:        It protects you from fire.
   Stlth:     It makes you more stealthy.
Armour
 a - a +0 robe (worn)
 g - a +2 pair of gloves (worn)
 r - a +0 helmet (worn)
Jewellery
 i - a ring of resist corrosion
Wands
 s - a wand of charming (8)
Scrolls
 c - 5 scrolls of identify {unknown}
 d - a scroll of amnesia {unknown}
 e - 2 scrolls of noise {unknown}
 k - a scroll of teleportation {unknown}
 o - a scroll of poison {unknown}
 p - a scroll of enchant weapon {unknown}
 q - a scroll of silence {unknown}
Potions
 b - a potion of magic
 f - 3 potions of attraction {unknown}
 h - a potion of resistance {unknown}
 l - a potion of curing {unknown}
 n - a potion of heal wounds {unknown}


   Skills:
 - Level 2.4 Dodging
 - Level 1.4 Stealth
 + Level 3.7 Spellcasting
 - Level 1.2 Transmutations
 * Level 5.2 Earth Magic


You had 4 spell levels left.
You knew the following spells:

 Your Spells              Type           Power      Damage    Failure   Level
a - Sandblast             Erth           46%        2d11      1%          1
b - Passwall              Tmut/Erth      12%        N/A       5%          2
c - Stone Arrow           Conj/Erth      26%        3d8       14%         3

Your spell library contained the following spells:

 Spells                   Type           Power      Damage    Failure   Level
 Petrify                  Tmut/Erth      15%        N/A       36%         4


Dungeon Overview and Level Annotations

Branches:
Dungeon (4/15) Zot: 688
 Temple: D:4-7

Altars:
Ru

Annotations:
D:4 Eustachio, Pikel


Innate Abilities, Weirdness & Mutations

You passively map a small area around you.
You are easily found by Zot.
You glow in the dark.
You regain HP and MP as you explore.


Message History

Pikel hits you but does no damage.
Aiming: Sandblast (safe; 1% risk of failure)
Press: ? - help, Q - select action, (/) - cycle Shift-Dir - straight line, f/p - Pikel
Aim: Pikel, wielding a +1 whip of flaming and wearing a +2 robe of cold resistance (79% to hit)
The blast of sand hits Pikel.
Pikel is lightly wounded.
Pikel closely misses you. Pikel barely misses you.
Unknown command.
Aiming: Sandblast (safe; 1% risk of failure)
Press: ? - help, Q - select action, (/) - cycle Shift-Dir - straight line, f/p - Pikel
Aim: Pikel, wielding a +1 whip of flaming and wearing a +2 robe of cold resistance (lightly wounded, 79% to hit)
The blast of sand hits Pikel!
Pikel is moderately wounded.
Pikel hits you with a +1 whip of flaming!
A jackal comes into view.
Unknown command.
Aiming: Sandblast (safe; 1% risk of failure)
Press: ? - help, Q - select action, (/) - cycle Shift-Dir - straight line, f/p - Pikel
Aim: Pikel, wielding a +1 whip of flaming and wearing a +2 robe of cold resistance (moderately wounded, 79% to hit)
The blast of sand hits Pikel.
Pikel is moderately wounded.
Pikel hits you with a +1 whip of flaming!
* * * LOW HITPOINT WARNING * * *
Pikel burns you.
* * * LOW HITPOINT WARNING * * *
The jackal bites you.
* * * LOW HITPOINT WARNING * * *
Pikel says, "Asmodeus and me are pals.
He gave me this whip."
Pikel hits you with a +1 whip of flaming.
* * * LOW HITPOINT WARNING * * *
Aiming: Sandblast (safe; 1% risk of failure)
Press: ? - help, Q - select action, (/) - cycle Shift-Dir - straight line, f/p - Pikel
Aim: Pikel, wielding a +1 whip of flaming and wearing a +2 robe of cold resistance (moderately wounded, 79% to hit)
The blast of sand hits Pikel but does no damage.
Pikel is moderately wounded.
The jackal bites you but does no damage.
Pikel hits you with a +1 whip of flaming!
* * * LOW HITPOINT WARNING * * *
Pikel burns you.
You die...

#.###.#.#.#######**
*#..##
#................
#.... , >
....#####.#.######
**####. * ## ,
###.# *, *####'
.#######.# , #...#
*.........# #.>.#
.#######.# ..#...#
#5#.# ######## * *
* #K@# ..@#., ##h#*
#.>.#. * ##. *
#...# , * * ## ,
+## , ,, *,, * * *
* *, * , * * , * *
*


You could see Pikel, a lemure and a jackal.

Vanquished Creatures
  An ufetubus (D:4)
  2 worms (D:3)
  3 dart slugs
  3 orcs (D:3)
  A ball python (D:2)
  5 endoplasms
  A giant cockroach (D:3)
  3 goblins
  3 hobgoblins
  2 jackals (D:2)
  2 quokkas (D:2)
  6 bats
  3 frilled lizards
  3 kobolds
  7 rats
45 creatures vanquished.

Vanquished Creatures (others)
  A withered plant (D:4)
1 creature vanquished.

Grand Total: 46 creatures vanquished

Notes
Turn   | Place    | Note
-------+----------+-------------------------------------------
     0 | D:1      | lunkers the Meteoran Earth Elementalist began the quest for
                  | the Orb.
     0 | D:1      | Reached XP level 1. HP: 14/14 MP: 5/5
    82 | D:1      | Reached XP level 2. HP: 20/20 MP: 3/6
   104 | D:1      | Reached skill level 4 in Earth Magic
   230 | D:1      | Found a faded altar of an unknown god.
   418 | D:2      | Reached XP level 3. HP: 26/26 MP: 6/8
   421 | D:2      | Learned a level 2 spell: Passwall
   425 | D:2      | Learned a level 3 spell: Stone Arrow
   576 | D:2      | Identified the +7 whip of the Equator {drain, rF+ Str+3
                  | Stlth+}
   973 | D:3      | Found a sacrificial altar of Ru.
   978 | D:3      | Became a worshipper of Ru the Awakened
  1050 | D:3      | Reached XP level 4. HP: 20/32 MP: 7/10
  1173 | D:3      | Reached skill level 5 in Earth Magic
  1608 | D:4      | Noticed Eustachio
  1668 | D:4      | Noticed a lemure
  1668 | D:4      | Noticed Pikel
  1674 | D:4      | HP: 1/33 [Pikel/+1 whip of flaming (10)]
  1674 | D:4      | Slain by Pikel

Illustrated notes

Levels and vault maps discovered:
D:1:      eino_arrival_tree_alley, layout_basic,
          chequers_ecumenical_altar_island
D:2:      layout_loops_corners, serial_aquarium, aquarium_bridge_square
          [aquarium_subvault_bridge, aquarium_subvault_wall,
          aquarium_subvault_window, aquarium_subvault_window],
          aquarium_bridge_long_separate [aquarium_subvault_balcony,
          aquarium_subvault_bridge, aquarium_subvault_bridge,
          aquarium_subvault_balcony, aquarium_subvault_bridge,
          aquarium_subvault_bridge], aquarium_window_fake, aquarium_window_1,
          aquarium_view_2b, aquarium_view_2g, minmay_splitting_lines,
          minmay_cut_off
D:3:      layout_basic, nicolae_ru_awakened_eye
D:4:      layout_loops_ring, zin_purify, nicolae_ossuary_entry_false_entrances,
          serial_undead, serial_undead_d, serial_undead_d, serial_undead_c,
          serial_undead_b, uniq_sigmund, uniq_eustachio, uniq_pikel

Skill      XL: |  1  2  3  4 |
---------------+-------------+-----
Earth Magic    | 4 5 |  5.2
Spellcasting   | 3 |  3.7
Dodging        | |  2.4
Stealth        | |  1.4
Transmutations | |  1.2

Action                     |  1- 3 |  4- 6 || total
---------------------------+-------+-------++-------
  Melee: Whip              |     3 |       ||     3
   Cast: Sandblast         |    39 |    28 ||    67
 Armour: Robe              |     1 |     4 ||     5
  Dodge: Dodged            |     8 |     7 ||    15

Table legend: (Time is in decaauts)
 A = Elapsed time spent in this place.
 B = Non-inter-level travel time spent in this place.
 C = Inter-level travel time spent in this place.
 D = Time resting spent in this place.
 E = Time spent auto-exploring this place.
 F = Levels seen in this place.
 G = Mean time per level.
                   A        B        C        D        E       F      G
               +--------+--------+--------+--------+--------+-----+--------+
         Total |   1710 |   1577 |    133 |      0 |   1271 |   4 |  427.5 |
       Dungeon |   1710 |   1577 |    133 |      0 |   1271 |   4 |  427.5 |
               +--------+--------+--------+--------+--------+-----+--------+

Top non-repeatable levels by time:
     D:2: 680 daAuts
     D:3: 599 daAuts
     D:1: 301 daAuts
     D:4: 128 daAuts
